 Dungeon Crawl Stone Soup version 0.30-a0-808-g6e0788376e (webtiles) character file.

Game seed: 8685735690880253839

69205 Ceno the Markskobold (level 14, -35/92 HPs)
             Began as a Kobold Brigand on Feb 26, 2023.
             Was the Champion of Ru.
             Annihilated by a wolf spider simulacrum (36 damage)
             ... in a Gauntlet on Feb 27, 2023.
             The game lasted 01:34:08 (25764 turns).

Ceno the Markskobold (Kobold Brigand)              Turns: 25764, Time: 01:34:09

Health: -35/92     AC: 12    Str:  8    XL:     14   Next: 73%
Magic:  12/12      EV: 21    Int: 12    God:    Ru [******]
Gold:   1486       SH:  0    Dex: 28    Spells: 13/13 levels left

rFire   . . .      SeeInvis .    a - +2 arbalest
rCold   x . .      Faith    .    (shield currently unavailable)
rNeg    . . .      Spirit   .    s - +2 ring mail {rPois}
rPois   +          Reflect  .    t - +0 helmet
rElec   .          Harm     .    c - +0 cloak
rCorr   .          Rampage  .    (no gloves)
Will    .....      NoTele   +    S - +0 pair of boots
Stlth   +++++                    I - amulet of the acrobat
HPRegen 0.00/turn                Z - +6 ring of dexterity
MPRegen 0.13/turn                W - ring of protection from fire

@: inhibited regen
A: small, no large weapons, low MP 1, nightstalker 3, inhibited regeneration,
weak-willed 1, inexperienced 1, temperature sensitive
a: Renounce Religion, Draw Out Power, Power Leap, Apocalypse


You were in a Gauntlet.
You worshipped Ru.
Ru was exalted by your worship.
You visited 4 branches of the dungeon, and saw 21 of its levels.
You also visited: Gauntlet.

You collected 1486 gold pieces.

Inventory:

Hand Weapons
 a - a +2 arbalest (weapon)
 b - the +11 short sword of Conflict {heavy, Will+ Dex+6}
   (You found it on level 7 of the Dungeon)

   Dex:       It affects your dexterity (+6).
   Will:      It increases your willpower.
 M - a +0 rapier
 O - the +6 rapier of Sloth {heavy, rF++ rN+++ Str-4 SInv}
   (You found it in a Gauntlet)

   Str:       It affects your strength (-4).
   rF:        It greatly protects you from fire.
   rN:        It renders you almost immune to negative energy.
   SInv:      It lets you see invisible.
Missiles
 d - 10 poisoned darts
 e - 9 curare-tipped darts
 l - 211 stones
 y - a throwing net
Armour
 c - a +0 cloak (worn)
 s - a +2 ring mail of poison resistance (worn)
 t - a +0 helmet (worn)
 S - a +0 pair of boots (worn)
Jewellery
 G - a ring of resist corrosion
 I - an amulet of the acrobat (around neck)
 J - a +4 ring of protection
 L - a ring of poison resistance
 W - a ring of protection from fire (right hand)
 Z - a +6 ring of dexterity (left hand)
Wands
 u - a wand of flame (40)
 K - a wand of acid (13)
 T - a wand of iceblast (9)
 U - a wand of digging (11)
 Y - a wand of mindburst (4)
Scrolls
 h - a scroll of magic mapping
 i - 4 scrolls of vulnerability
 m - a scroll of immolation
 n - 12 scrolls of teleportation
 v - a scroll of butterflies {unknown}
 A - 2 scrolls of enchant weapon
 C - a scroll of poison
 D - a scroll of enchant armour {unknown}
 E - a scroll of amnesia {unknown}
 F - a scroll of torment
 N - a scroll of blinking {unknown}
 P - 4 scrolls of fear
 Q - 2 scrolls of silence
 X - a scroll of fog
Potions
 f - 7 potions of haste
 g - 5 potions of flight
 j - a potion of mutation {unknown}
 o - 3 potions of cancellation
 p - 3 potions of heal wounds
 q - 5 potions of berserk rage
 r - 2 potions of invisibility
 w - 7 potions of curing
 x - 2 potions of attraction
 z - 4 potions of resistance
 B - 2 potions of magic {unknown}
 H - 3 potions of might
 R - a potion of ambrosia {unknown}
 V - 2 potions of brilliance
Miscellaneous
 k - a box of beasts


   Skills:
 + Level 12.5 Fighting
 + Level 11.0 Short Blades
 - Level 18.0 Ranged Weapons
 - Level 12.0 Throwing
 - Level 8.0 Armour
 + Level 9.8 Dodging
 + Level 9.1 Stealth
 - Level 8.0 Evocations


You had 13 spell levels left.
You didn't know any spells.
Your spell library contained the following spells:

 Spells                   Type           Power      Damage    Failure   Level
 Necrotise                Necr           0%         1d4       63%         1
 Slow                     Hex            0%         N/A       63%         1
 Summon Small Mammal      Summ           0%         N/A       63%         1
 Ensorcelled Hibernation  Hex/Ice        0%         N/A       77%         2
 Call Canine Familiar     Summ           0%         N/A       94%         3
 Confusing Touch          Hex            0%         N/A       94%         3
 Ozocubu's Armour         Ice            0%         N/A       94%         3
 Spider Form              Tmut/Pois      0%         N/A       94%         3
 Summon Guardian Golem    Hex/Summ       0%         N/A       94%         3
 Vampiric Draining        Necr           0%         2d6       94%         3
 Anguish                  Hex/Necr       0%         N/A       100%        4
 Agony                    Necr           0%         N/A       100%        5
 Ozocubu's Refrigeration  Ice            0%         4d7       100%        7


Dungeon Overview and Level Annotations

Branches:
Dungeon (13/15)            Temple (1/1) D:7            Lair (5/5) D:8
 Shoals (0/4) Lair:2        Snake (0/4) Lair:2        Slime (0/5) Lair:4
    Orc (2/2) D:11            Elf (0/3) Orc:2       Gauntlet (1/1)
 Vaults: D:13-14

Altars:
Ashenzari
Cheibriados
Dithmenos
Elyvilon
Fedhas
Gozag
Hepliaklqana
Kikubaaqudgha
Makhleb
Nemelex Xobeh
Okawaru
Qazlal
Ru
Sif Muna
Trog
Uskayaw
Vehumet
Wu Jian
Xom
Yredelemnul
Zin
The Shining One
Jiyva

Shops:
D:7 ?   D:10 !

Annotations:
D:1 1 transporter
D:3 Grinder
D:6 exclusion: water moccasin
Lair:3 3 runed translucent doors
Lair:4 exclusion: 3 oklob plants Gauntlet 11 transporters, 3 runed translucent doors


Innate Abilities, Weirdness & Mutations

You are small and have problems with some larger weapons.
Your magical capacity is low. (-10% MP)
You are completely attuned to the shadows.
You do not regenerate when monsters are visible.
You are slightly weak-willed. (Will-)
You are somewhat inexperienced. (-1 XL)
You are sensitive to extremes of temperature. (rF-, rC-)


Message History

The wolf spider simulacrum is no longer blind.
The wolf spider simulacrum misses you.
The wolf spider simulacrum barely misses you.
Fire: a) +2 arbalest
Press: ? - help, Q - select action, (/) - cycle Shift-Dir - straight line, f - wolf spider simulacrum
Aim: a wolf spider simulacrum (86% to hit)
You shoot a bolt.
The bolt barely misses the wolf spider simulacrum.
The wolf spider simulacrum is stunned by your conviction and fails to attack.
Fire: a) +2 arbalest
Press: ? - help, Q - select action, (/) - cycle Shift-Dir - straight line, f/p - wolf spider simulacrum
Aim: a wolf spider simulacrum (86% to hit)
You shoot a bolt.
The bolt barely misses the wolf spider simulacrum.
The wolf spider simulacrum hits you but does no damage.
The wolf spider simulacrum misses you. x2
The wolf spider simulacrum bites you.
The wolf spider simulacrum freezes you!!
You feel a terrible chill!
* * * LOW HITPOINT WARNING * * *
You feel much better.
The wolf spider simulacrum closely misses you.
The wolf spider simulacrum misses you.
Fire: a) +2 arbalest
Press: ? - help, Q - select action, (/) - cycle Shift-Dir - straight line, f/p - wolf spider simulacrum
Aim: a wolf spider simulacrum (86% to hit)
You shoot a bolt.
The bolt hits the wolf spider simulacrum!!
The wolf spider simulacrum is almost destroyed.
The wolf spider simulacrum hits you!
The wolf spider simulacrum freezes you!!
You feel a terrible chill!
* * * LOW HITPOINT WARNING * * *
The wolf spider simulacrum bites you but does no damage.
The wolf spider simulacrum hits you but does no damage.
The wolf spider simulacrum bites you!
* * * LOW HITPOINT WARNING * * *
The wolf spider simulacrum freezes you!!!
You feel a terrible chill!
You die...

.#########..#.........#..########
.........#..###########..#.......
.#########..#.........#..########
.#....ttt#..#.##.##.#.#..###.Y##Y
.#t......#..#!.#..#...#..#Y.##YY#
.###+#####..#[.##.##..#..#YY#.##Y
.#©.+ #©©#©..#©.#Z.#©©#w# #.#
.###+^##.#..#.#Z##.##.#..#Y#.#.#Y
.#).#.##.#..#.#.@.....#..#Y##.Y#.
.#)=#....#..#.##.##.#.#..##Y.##.#
.#########..#.........#..########
.........#..###########..#.......
.#########..#.........#..########
.#Y.^#^..#..#.........#..#....##.
.#Y#.#.#.#..#..##≈##..#..##.^##..
.#Y#.#.#.#..#..§###≈..#..###J#.^.
.#©## ##.#©.#..## ##..#.©#©## ##.


You could see a four-headed hydra simulacrum and a wolf spider simulacrum.

Vanquished Creatures
  Gastronok (Lair:1)
  5 hydras
  Erica (D:8)
  2 boulder beetles
  9 death yaks
  A tengu warrior (Gauntlet)
  4 two-headed ogres
  A skyshark (Lair:3)
  An ugly thing (D:12)
  A manticore (D:12)
  An orc knight (Orc:1)
  A wolf spider (Lair:5)
  A cyclops (D:12)
  2 merfolk sirens (Lair:2)
  A guardian serpent (Lair:5)
  11 black mambas
  8 elephants
  15 cane toads
  3 rime drakes
  11 komodo dragons
  2 tengu conjurers (Gauntlet)
  A merfolk (Lair:2)
  3 trolls
  11 polar bears (Lair:5)
  4 hornets
  3 raiju (Lair:5)
  12 blink frogs
  5 dream sheep (Lair:5)
  5 slime creatures (D:12)
  A centaur simulacrum (Gauntlet)
  A vampire (D:12)
  A shadow (D:9)
  16 wyverns
  3 basilisks
  67 yaks
  A redback (Lair:5)
  8 vampire mosquitoes
  7 wargs
  3 acid dragons (D:11)
  4 nagas (Lair:2)
  23 water moccasins
  12 hell hounds (Lair:5)
  4 sky beasts
  18 orc warriors
  An ice beast (D:6)
  11 black bears (Lair:5)
  25 wolves
  3 ogres
  2 centaurs
  5 kobold brigands
  A phantom (D:6)
  2 gnoll sergeants
  9 scorpions
  13 bullfrogs
  3 necrophages
  9 wights
  An oklob sapling (D:7)
  18 killer bees
  An electric eel (Lair:3)
  3 howler monkeys
  Crazy Yiuf (D:3)
  7 hounds
  2 jellies
  11 orc priests
  2 gnoll boudas
  20 orc wizards
  Robin (D:3)
  20 gnolls
  10 adders
  A shadow imp (D:5)
  4 white imps
  2 ufetubi (D:6)
  3 worms
  43 orcs
  3 endoplasms
  6 giant cockroaches
  12 goblins
  9 hobgoblins
  3 quokkas
  13 ball pythons
  7 bats
  4 frilled lizards
  32 kobolds
  4 rats
622 creatures vanquished.

Vanquished Creatures (others)
  A blink frog (Lair:5)
  A yak (Lair:4)
  A bush (Lair:5)
  62 fungi
  172 plants
237 creatures vanquished.

Grand Total: 859 creatures vanquished

Notes
Turn   | Place    | Note
-------+----------+-------------------------------------------
     0 | D:1      | Ceno the Kobold Brigand began the quest for the Orb.
     0 | D:1      | Reached XP level 1. HP: 12/12 MP: 1/1
   222 | D:1      | Reached XP level 2. HP: 18/18 MP: 2/2
   722 | D:1      | Reached XP level 3. HP: 19/22 MP: 3/3
  1305 | D:2      | Found a bloodstained altar of Trog.
  1771 | D:3      | Found a runed translucent door.
  1774 | D:3      | Noticed Crazy Yiuf
  1780 | D:3      | Killed Crazy Yiuf
  1781 | D:3      | Reached XP level 4. HP: 24/28 MP: 4/4
  1961 | D:3      | Noticed Grinder
  2096 | D:3      | Reached XP level 5. HP: 32/32 MP: 5/5
  2206 | D:3      | Noticed Robin
  2226 | D:3      | Killed Robin
  2684 | D:4      | Reached XP level 6. HP: 33/37 MP: 6/6
  2712 | D:4      | Reached skill level 5 in Throwing
  3219 | D:4      | Reached XP level 7. HP: 41/43 MP: 7/7
  3416 | D:5      | Entered Level 5 of the Dungeon
  4102 | D:5      | Reached XP level 8. HP: 48/48 MP: 8/8
  4208 | D:5      | Reached skill level 5 in Fighting
  4877 | D:6      | Found a sacrificial altar of Ru.
  4888 | D:6      | Became a worshipper of Ru the Awakened
  5332 | D:6      | Reached XP level 9. HP: 53/55 MP: 9/9
  5414 | D:6      | Reached skill level 5 in Short Blades
  6665 | D:7      | Found a staircase to the Ecumenical Temple.
  6818 | Temple   | Entered the Ecumenical Temple
  7075 | D:7      | Gained mutation: You are slightly weak-willed. (Will-) [Ru
                  | sacrifice]
  7075 | D:7      | Reached * piety under Ru
  7124 | D:7      | Reached skill level 10 in Throwing
  7417 | D:7      | Found Wisauh's Magic Scroll Emporium.
  7478 | D:7      | Reached XP level 10. HP: 63/63 MP: 10/10
  7539 | D:7      | Identified the +11 short sword of Conflict {heavy, Will+
                  | Dex+6}
  7663 | D:8      | Noticed Erica
  7688 | D:8      | Killed Erica
  7839 | D:8      | Found the +7 staff of the Meek {protect, meekguard}
  8082 | D:8      | Found a staircase to the Lair.
  8628 | D:8      | Found a shimmering blue altar of Sif Muna.
  9393 | D:9      | Noticed a two-headed ogre
  9419 | D:9      | Killed a two-headed ogre
  9420 | D:9      | Reached skill level 1 in Armour
  9461 | D:9      | Found a shadowy altar of Dithmenos.
  9488 | D:9      | Reached XP level 11. HP: 68/68 MP: 11/11
  9748 | D:9      | Reached skill level 5 in Dodging
  9882 | D:9      | Reached skill level 10 in Short Blades
  9904 | D:9      | Gained mutation: You are somewhat inexperienced. (-1 XL)
                  | [Ru sacrifice]
  9904 | D:9      | Reached XP level 10. HP: 64/64 MP: 10/10
  9904 | D:9      | Reached ** piety under Ru
  9904 | D:9      | Reached *** piety under Ru
  9984 | D:9      | Reached skill level 1 in Ranged Weapons
 10456 | D:10     | Entered Level 10 of the Dungeon
 10495 | D:10     | Found Xiuhaatyo's Distillery.
 10515 | D:10     | Found an iron altar of Okawaru.
 10596 | D:10     | Reached skill level 2 in Ranged Weapons
 10770 | D:10     | Reached skill level 3 in Ranged Weapons
 10917 | Lair:1   | Entered Level 1 of the Lair of Beasts
 11132 | Lair:1   | Reached skill level 4 in Ranged Weapons
 11265 | Lair:1   | Reached skill level 5 in Ranged Weapons
 11485 | Lair:1   | Noticed a boulder beetle
 11505 | Lair:1   | Killed a boulder beetle
 11506 | Lair:1   | Reached skill level 6 in Ranged Weapons
 11506 | Lair:1   | Reached XP level 11. HP: 35/68 MP: 11/11
 11517 | Lair:1   | Noticed Gastronok
 11595 | Lair:1   | Killed Gastronok
 11596 | Lair:1   | Reached skill level 7 in Ranged Weapons
 11596 | Lair:1   | Reached skill level 5 in Armour
 11757 | Lair:1   | Reached skill level 1 in Evocations
 11897 | Lair:2   | Found a burning altar of Makhleb.
 12133 | Lair:2   | Found a staircase to the Snake Pit.
 12141 | Lair:2   | Reached skill level 8 in Ranged Weapons
 12348 | Lair:2   | Gained mutation: You are sensitive to extremes of
                  | temperature. (rF-, rC-) [Ru sacrifice]
 12348 | Lair:2   | Reached **** piety under Ru
 12348 | Lair:2   | Reached ***** piety under Ru
 12483 | Lair:2   | Noticed a five-headed hydra
 12913 | Lair:2   | Reached skill level 9 in Ranged Weapons
 12913 | Lair:2   | Found a staircase to the Shoals.
 13281 | Lair:2   | Killed a five-headed hydra
 13282 | Lair:2   | Reached skill level 5 in Evocations
 14087 | Lair:3   | Reached XP level 12. HP: 73/73 MP: 12/12
 14167 | Lair:3   | Reached skill level 10 in Ranged Weapons
 14501 | Lair:3   | Found a runed translucent gate.
 14502 | Lair:3   | Found a runed translucent gate.
 14503 | Lair:3   | Found a runed translucent gate.
 15369 | Lair:4   | Reached skill level 11 in Ranged Weapons
 15504 | Lair:4   | Found a viscous altar of Jiyva.
 15583 | Lair:4   | Found a staircase to the Slime Pits.
 15588 | Lair:4   | Noticed a five-headed hydra
 15599 | Lair:4   | Killed a five-headed hydra
 15850 | Lair:4   | Reached skill level 12 in Ranged Weapons
 15978 | Lair:4   | Noticed a four-headed hydra
 16018 | Lair:4   | Killed a four-headed hydra
 16541 | Lair:3   | Reached skill level 13 in Ranged Weapons
 16839 | Lair:4   | Reached XP level 13. HP: 80/80 MP: 13/13
 17052 | Lair:4   | Reached skill level 14 in Ranged Weapons
 17231 | Lair:4   | Found a blossoming altar of Fedhas.
 17750 | Lair:5   | Entered Level 5 of the Lair of Beasts
 18307 | Lair:5   | Reached skill level 15 in Ranged Weapons
 18458 | Lair:5   | Identified the +2 robe "Moelimus" {rN+}
 18575 | Lair:5   | Reached skill level 10 in Fighting
 18912 | Lair:5   | Reached skill level 16 in Ranged Weapons
 19087 | Lair:5   | Paralysed by a hornet for 2 turns
 19838 | Lair:5   | Reached skill level 17 in Ranged Weapons
 20044 | Lair:5   | Gained mutation: You do not regenerate when monsters are
                  | visible. [Ru sacrifice]
 20210 | Lair:5   | Reached XP level 14. HP: 83/90 MP: 14/14
 20873 | Lair:5   | Reached skill level 18 in Ranged Weapons
 22178 | D:10     | Found an opulent altar of Gozag.
 22848 | D:11     | Found a staircase to the Orcish Mines.
 22926 | D:11     | Gained mutation: Your magical capacity is low. (-10% MP)
                  | [Ru sacrifice]
 22926 | D:11     | Reached ****** piety under Ru
 24640 | Orc:1    | Entered Level 1 of the Orcish Mines
 24737 | Orc:2    | Entered Level 2 of the Orcish Mines
 25235 | Orc:2    | Found a staircase to the Elven Halls.
 25237 | Orc:2    | Found a gate leading to a gauntlet.
 25243 | Gauntlet | Entered a Gauntlet
 25243 | Gauntlet | Found a transporter.
 25246 | Gauntlet | Found a transporter.
 25267 | Gauntlet | Found a transporter.
 25279 | Gauntlet | Found a transporter.
 25297 | Gauntlet | Found a transporter.
 25306 | Gauntlet | Found a runed translucent gate.
 25322 | Gauntlet | Found a transporter.
 25322 | Gauntlet | Found a runed translucent gate.
 25323 | Gauntlet | Found a runed translucent gate.
 25332 | Gauntlet | Found a transporter.
 25352 | Gauntlet | Found a transporter.
 25370 | Gauntlet | Found a transporter.
 25382 | Gauntlet | Found a transporter.
 25669 | Gauntlet | Found a transporter.
 25669 | Gauntlet | Found a transporter.
 25744 | Gauntlet | Found a transporter.
 25751 | Gauntlet | Found a transporter.
 25753 | Gauntlet | Identified the +6 rapier of Sloth {heavy, rF++ rN+++ Str-4
                  | SInv}
 25764 | Gauntlet | HP: 1/92 [wolf spider simulacrum (8)]
 25764 | Gauntlet | Annihilated by a wolf spider simulacrum

Illustrated notes

Levels and vault maps discovered:
D:1:      spicycebolla_arrival_risky_transporter, layout_basic
D:2:      layout_basic, basic_altar, dreamdust_princess_corridor
D:3:      layout_rooms, uniq_grinder, uniq_crazy_yiuf_cottage, uniq_robin
D:4:      layout_cave_pools
D:5:      layout_gridville, nicolae_half_adder
D:6:      minmay_flawed_box, layout_loops_corners, mainiacjoe_overflow_alcove_4
D:7:      minmay_octagon_keep, layout_rooms, minmay_temple_entry_oklob,
          serial_shops, nicolae_square_shop
D:8:      layout_loops_ring, led_sif_pool, lair_entry_dummy,
          pf_guarded_unrand_meek, uniq_erica
D:9:      layout_loops_corners, mainiacjoe_overflow_24_doors
D:10:     layout_small_grid, nicolae_gozag_cash_rules_everything_around_me,
          old_standard_altar, serial_shops, shop
D:11:     layout_long_grid, david_orc_5
D:12:     layout_basic
D:13:     gammafunk_sealed_library, layout_basic, minmay_increasing_density
Temple:   nicolae_temple_bog_church
Lair:1:   layout_hall_layers, lemuel_fruit_tree, uniq_gastronok
Lair:2:   layout_layer_cave, elwin_shoals_entry_stream,
          minmay_snake_entry_guardpost_small, basic_altar, st_stairs_13
Lair:3:   layout_loops_ring, gammafunk_ghost_cemetery, grunt_megastairs_5,
          infiniplex_staircase_pool
Lair:4:   layout_big_grid, minmay_slime_entry_oklob_open, hangedman_tree_tricks
Lair:5:   hangedman_lair_tendril_chambers, layout_layer_cave,
          hangedman_lair_caniforms_friends, serial_forest,
          infiniplex_forest_straight_3, infiniplex_forest_end_3,
          infiniplex_forest_zigzag_2, infiniplex_forest_lined_room_2,
          infiniplex_forest_lined_corner, infiniplex_forest_clump_medium
Orc:1:    layout_diamond_mine
Orc:2:    st_orc_mages, layout_caves, serial_shops, shop, basic_altar,
          gauntlet_entry_generic, nicolae_orc_rockfall, mines1_david,
          uniq_maurice
Gauntlet: gammafunk_gauntlet_mixed_choke_point [minmay_gauntlet_arena_77_museum,
          minmay_gauntlet_arena_77_mess, minmay_gauntlet_arena_77_fan,
          nicolae_gauntlet_arena_grate_2, minmay_gauntlet_arena_77_mirror,
          minmay_gauntlet_arena_77_run_for_it,
          minmay_gauntlet_arena_77_two_paths, gauntlet_exit_green]

Skill      XL: |  1  2  3  4  5  6  7  8  9 10 11 12 13 14 |
---------------+-------------------------------------------+-----
Throwing       | 3 4 5 6 8 10 12 | 12.0
Fighting       | 3 4 6 7 8 11 12 | 12.5
Stealth        | 6 7 8 9 |  9.1
Short Blades   | 4 7 9 10 11 | 11.0
Dodging        | 7 8 9 |  9.8
Armour         | 4 6 8 |  8.0
Ranged Weapons | 6 9 13 17 18 | 18.0
Evocations     | 5 8 |  8.0

Action                     |  1- 3 |  4- 6 |  7- 9 | 10-12 | 13-15 || total
---------------------------+-------+-------+-------+-------+-------++-------
  Melee: Dagger            |    38 |    27 |   144 |     2 |       ||   211
         Short sword       |    44 |    85 |   101 |   485 |   487 ||  1202
         Punch             |     1 |       |     6 |     5 |     6 ||    18
   Fire: Shortbow          |       |       |       |    11 |    12 ||    23
         Arbalest          |       |       |       |       |   281 ||   281
  Throw: Dart              |    16 |    24 |    94 |   191 |    38 ||   363
         Stone             |     3 |     3 |     1 |       |     3 ||    10
         Boomerang         |       |     2 |    14 |    97 |    36 ||   149
         Throwing net      |       |       |     1 |       |       ||     1
 Invoke: Sacrifice Essence |       |       |     1 |       |     1 ||     2
         Sacrifice Experie |       |       |       |     1 |       ||     1
         Draw Out Power    |       |       |       |     3 |     1 ||     4
         Power Leap        |       |       |       |     2 |     2 ||     4
         Sacrifice Resista |       |       |       |     1 |       ||     1
         Apocalypse        |       |       |       |     1 |     1 ||     2
         Reject Sacrifices |       |       |       |     1 |       ||     1
         Sacrifice Purity  |       |       |       |       |     1 ||     1
  Evoke: Wand              |       |       |       |     4 |     2 ||     6
    Use: Scroll            |       |     1 |     5 |     7 |    11 ||    24
         Potion            |       |       |       |     2 |     5 ||     7
   Stab: Sleeping          |    15 |    14 |    16 |    17 |    17 ||    79
         Distracted        |       |       |     1 |     5 |     4 ||    10
         Invisible         |       |       |       |     4 |     7 ||    11
         Paralysed         |       |       |       |     1 |       ||     1
 Armour: Robe              |    13 |    10 |       |       |       ||    23
         Leather armour    |       |    19 |    52 |    55 |    55 ||   181
         Ring mail         |       |       |       |       |    47 ||    47
  Dodge: Dodged            |    43 |    52 |   121 |   342 |   562 ||  1120

Table legend: (Time is in decaauts)
 A = Elapsed time spent in this place.
 B = Non-inter-level travel time spent in this place.
 C = Inter-level travel time spent in this place.
 D = Time resting spent in this place.
 E = Time spent auto-exploring this place.
 F = Levels seen in this place.
 G = Mean time per level.
                   A        B        C        D        E       F      G
               +--------+--------+--------+--------+--------+-----+--------+
         Total |  25269 |  24107 |   1162 |   3217 |  13141 |  22 | 1148.6 |
       Dungeon |  13763 |  12970 |    793 |    989 |   7667 |  13 | 1058.7 |
        Temple |    151 |    138 |     13 |      0 |    123 |   1 |  151.0 |
          Lair |  10219 |   9876 |    343 |   2001 |   4920 |   5 | 2043.8 |
  Orcish Mines |    611 |    598 |     13 |    149 |    181 |   2 |  305.5 |
      Gauntlet |    523 |    523 |      0 |     77 |    249 |   1 |  523.0 |
               +--------+--------+--------+--------+--------+-----+--------+

Top non-repeatable levels by time:
  Lair:5: 3372 daAuts
  Lair:4: 2026 daAuts
  Lair:3: 2016 daAuts
     D:6: 1866 daAuts
  Lair:2: 1748 daAuts
     D:8: 1603 daAuts
     D:9: 1541 daAuts
    D:11: 1317 daAuts
  Lair:1: 1055 daAuts
     D:5: 1010 daAuts
     D:2: 1009 daAuts
    D:10: 984 daAuts
     D:7: 979 daAuts
    D:12: 963 daAuts
     D:4: 960 daAuts
